 Dungeon Crawl Stone Soup version 0.21-a0-278-ga722497 (webtiles) character file.

43 motkurip the Shield-Bearer (level 3, -1/23 HPs)
             Began as a Gargoyle Fighter on Sept 20, 2017.
             Killed from afar by Sigmund (11 damage)
             ... with a puff of flame
             ... on level 2 of the Dungeon.
             The game lasted 00:01:20 (283 turns).

motkurip the Shield-Bearer (Gargoyle Fighter)        Turns: 283, Time: 00:01:21

Health: -1/23      AC: 10    Str: 19    XL:     3   Next: 58%
Magic:  3/3        EV:  7    Int:  8    God:
Gold:   34         SH:  9    Dex: 10    Spells: 2/2 levels left

rFire    . . .     SeeInvis .   a - +0 war axe
rCold    . . .     Gourm    .   c - +0 shield
rNeg     + . .     Faith    .   b - +0 scale mail
rPois    ∞         Spirit   .   (no helmet)
rElec    +         Reflect  .   (no cloak)
rCorr    .         Harm     .   (no gloves)
MR       .....                  (no boots)
Stlth    ..........             (no amulet)
HPRegen  0.07/turn              (no ring)
MPRegen  0.08/turn              (no ring)

@: no status effects
A: negative energy resistance 1, electricity resistance, unbreathing,
petrification resistance, rot immunity, AC +3
a: no special abilities


You were on level 2 of the Dungeon.
You were not hungry.

You visited 1 branch of the dungeon, and saw 2 of its levels.

You collected 34 gold pieces.

Inventory:

Hand Weapons
 a - a +0 war axe (weapon)
Armour
 b - a +0 scale mail (worn)
 c - a +0 shield (worn)
Scrolls
 e - 2 scrolls of identify {unknown}
 h - a scroll of enchant weapon {unknown}
 i - 2 scrolls of teleportation {unknown}
 k - a scroll of immolation {unknown}
Potions
 d - a potion of might
 g - 4 potions of curing {unknown}
Comestibles
 f - a bread ration
 j - a fruit


   Skills:
 - Level 3.2 Fighting
 * Level 2.6 Axes
 - Level 3.2 Armour
 + Level 4.2 Shields


You had 2 spell levels left.
You didn't know any spells.

Dungeon Overview and Level Annotations

Branches:
Dungeon (2/15)

Altars:

Annotations:
D:2 Sigmund


Innate Abilities, Weirdness & Mutations

You are resistant to torment.
Your stone body is resilient. (AC +3)
You are immune to poison.
You resist negative energy. (rN+)
You are resistant to electric shocks. (rElec)
You can survive without breathing.
You are immune to petrification.
You are immune to rotting.


Message History

The worm bites you but does no damage.
The jackal bites you but does no damage.
Unknown command.
You slash the worm!
You kill the worm!
You slash the jackal!
You kill the jackal!
You hit the jackal.
You kill the jackal!
Unknown command.
You see here a quokka corpse.
Found a stone staircase leading down.
Found 20 stones.
You now have 34 gold pieces (gained 12).
Found 18 sling bullets.
As you open the door, it creaks loudly!
You hear a shout!
Sigmund the Dreaded comes into view.
He is wielding a scythe.
Sigmund gestures at you while chanting. The puff of flame hits you!
You die...

...... ##..# #.# ......
#..# #.#
......####.###(#
............#.#########
...####.......(.....#
####............#
#...............#
#....>..........#
#....##@#########
#....##....@.#
#....#######.# ######


You could see Sigmund.

Vanquished Creatures
  An ooze (D:2)
  2 worms (D:2)
  2 leopard geckos
  A ball python (D:1)
  A bat (D:1)
  3 giant cockroaches
  4 goblins (D:1)
  4 jackals (D:2)
  3 kobolds (D:1)
  A quokka (D:2)
  3 frilled lizards (D:1)
  2 rats (D:1)
27 creatures vanquished.

Notes
Turn   | Place    | Note
-------+----------+-------------------------------------------
     0 | D:1      | motkurip the Gargoyle Fighter began the quest for the Orb.
     0 | D:1      | Reached XP level 1. HP: 14/14 MP: 1/1
    31 | D:1      | Reached XP level 2. HP: 18/19 MP: 2/2
   164 | D:1      | Reached skill level 4 in Shields
   196 | D:2      | Reached XP level 3. HP: 18/23 MP: 3/3
   283 | D:2      | Noticed Sigmund
   283 | D:2      | Killed from afar by Sigmund

Vault maps used:
D:1:      dpeg_chamrin_arrival_tetris, kennysheep_boxes
D:2:      tgw_trog, first_bread, uniq_sigmund

Skill      XL: |  1  2 |
---------------+-------+-----
Axes           | 2 |  2.6
Shields        | 4 |  4.2
Fighting       | |  3.2
Armour         | |  3.2

Action                   || total
-------------------------++-------
Melee: War axe           ||    61
Armor: Scale mail        ||    35
Dodge: Dodged            ||    29
Block: Shield            ||    41

Table legend:
 A = Spawn XP
 B = Non-spawn XP
 C = Spawn XP percentage of total XP
 D = Spawn monster count
 E = Non-spawn monster count
 F = Spawn count percentage of total count
 G = Total turns spent on level
                    A         B        C        D         E        F      G
               +---------+---------+-------+---------+---------+-------+---------
         Total |       0 |      62 |   0.0 |       0 |      27 |   0.0 |   283
               +---------+---------+-------+---------+---------+-------+---------
           D:1 |       0 |      30 |   0.0 |       0 |      17 |   0.0 |   187
           D:2 |       0 |      32 |   0.0 |       0 |      10 |   0.0 |    96
               +---------+---------+-------+---------+---------+-------+---------
